 Dungeon Crawl Stone Soup version 0.30.1 (webtiles) character file.

Game seed: 5692523475117708790

7987 GimliDwarf the Blocker (level 11, 0/83 HPs)
             Began as a Gnoll Wanderer on July 5, 2023.
             Was a Believer of Qazlal.
             Slain by Snorg (15 damage)
             ... on level 10 of the Dungeon.
             The game lasted 00:24:23 (9089 turns).

GimliDwarf the Blocker (Gnoll Wanderer)             Turns: 9089, Time: 00:24:23

Health: 0/83       AC: 15    Str: 10    XL:     11   Next: 23%
Magic:  20/20      EV: 18    Int:  8    God:    Qazlal [**....]
Gold:   574        SH: 13    Dex: 25    Spells: 22/22 levels left

rFire   . . .        e - +10 hand axe "Siliemm" {venom, Fly rC- rN+ Dex+4}
rCold   . . .        b - +2 buckler {AC+3}
rNeg    + + .        L - +0 troll leather armour
rPois   .            c - +0 helmet
rElec   .            A - +2 cloak {Will+}
rCorr   .            y - +1 pair of gloves
SInv    .            (no boots)
Will    +....        (no amulet)
Stlth   +++          x - ring of protection from cold
HPRegen 1.13/turn    F - ring of positive energy
MPRegen 0.17/turn

%: no passive effects
@: flying
A: fangs 1, strong nose, distributed training
a: Renounce Religion, Upheaval


You were on level 10 of the Dungeon.
You worshipped Qazlal.
Qazlal was pleased with you.
You visited 2 branches of the dungeon, and saw 11 of its levels.

You collected 574 gold pieces.

Inventory:

Hand Weapons
 e - the +10 hand axe "Siliemm" (weapon) {venom, Fly rC- rN+ Dex+4}
   (You found it on level 10 of the Dungeon)

   Dex:       It affects your dexterity (+4).
   rC:        It makes you vulnerable to cold.
   rN:        It protects you from negative energy.
   Fly:       It grants you flight.
 f - a +2 whip of venom
 j - a +2 scimitar of protection
 r - the +7 rapier "Gelot" {elec, Str+2}
   (You found it on level 7 of the Dungeon)

   Str:       It affects your strength (+2).
 z - a +3 quarterstaff of chaos
Missiles
 u - 3 datura-tipped darts (quivered)
 K - a throwing net
Armour
 b - a +2 buckler of protection (worn)
 c - a +0 helmet (worn)
 y - a +1 pair of gloves (worn)
 A - a +2 cloak of willpower (worn)
 L - a +0 troll leather armour (worn)
Jewellery
 g - a ring of fire
 x - a ring of protection from cold (left hand)
 B - an amulet of magic regeneration
 F - a ring of positive energy (right hand)
 H - an amulet of guardian spirit
 I - a ring of resist corrosion
 J - an amulet of faith
Wands
 a - a wand of mindburst (6)
 w - a wand of iceblast (11)
 C - a wand of flame (19)
Scrolls
 l - 4 scrolls of teleportation
 n - 2 scrolls of silence
 q - 3 scrolls of amnesia
 v - a scroll of fog
 D - a scroll of blinking
 E - a scroll of poison
 G - a scroll of magic mapping
 M - a scroll of torment {unknown}
Potions
 d - 6 potions of heal wounds
 h - 2 potions of brilliance
 i - 3 potions of haste
 k - 4 potions of ambrosia
 m - a potion of invisibility
 o - 6 potions of curing
 p - a potion of lignification
 s - 2 potions of might
 t - 6 potions of flight


   Skills:
 + Level 6.9 Fighting
 + Level 6.3 Short Blades
 + Level 6.3 Long Blades
 + Level 6.9 Axes
 + Level 6.3 Maces & Flails
 + Level 6.3 Polearms
 + Level 6.3 Staves
 + Level 6.3 Ranged Weapons
 + Level 6.3 Throwing
 + Level 6.9 Armour
 + Level 7.9 Dodging
 + Level 6.8 Stealth
 + Level 10.6 Shields
 + Level 6.3 Unarmed Combat
 + Level 6.3 Spellcasting
 + Level 5.2 Conjurations
 + Level 5.2 Hexes
 + Level 5.2 Summonings
 + Level 5.2 Necromancy
 + Level 5.2 Translocations
 + Level 5.2 Transmutations
 + Level 5.2 Fire Magic
 + Level 5.2 Ice Magic
 + Level 5.2 Air Magic
 + Level 5.2 Earth Magic
 + Level 5.2 Poison Magic
 + Level 6.9 Invocations
 + Level 6.3 Evocations


You had 22 spell levels left.
You didn't know any spells.
Your spell library contained the following spells:

 Spells                   Type           Power      Damage    Failure   Level
 Kiss of Death            Conj/Necr      40%        2d8       4%          1
 Necrotise                Necr           40%        1d6       4%          1
 Sting                    Tmut/Pois      40%        1d5       4%          1
 Ensorcelled Hibernation  Hex/Ice        20%        N/A       7%          2
 Passwall                 Tmut/Erth      8%         N/A       7%          2
 Poisonous Vapours        Pois/Air       20%        N/A       7%          2
 Confusing Touch          Hex            10%        N/A       13%         3
 Mephitic Cloud           Conj/Pois/Air  10%        N/A       13%         3
 Swiftness                Air            10%        N/A       13%         3
 Vampiric Draining        Necr           10%        2d6       13%         3
 Dispel Undead            Necr           10%        3d9       41%         4
 Olgreb's Toxic Radiance  Pois           10%        N/A       41%         4
 Summon Lightning Spire   Summ/Air       10%        N/A       41%         4
 Agony                    Necr           10%        N/A       77%         5
 Storm Form               Tmut/Air       5%         N/A       100%        7
 Maxwell's Capacitive Co  Air            5%         ∞         100%        8


Dungeon Overview and Level Annotations

Branches:
Dungeon (10/15)            Temple (1/1) D:6            Lair (0/5) D:10
    Orc: D:9-12

Altars:
Ashenzari
Cheibriados
Dithmenos
Elyvilon
Fedhas
Gozag
Hepliaklqana
Kikubaaqudgha
Makhleb
Nemelex Xobeh
Okawaru
Qazlal
Ru
Sif Muna
Trog
Uskayaw
Vehumet
Wu Jian
Xom
Yredelemnul
Zin
The Shining One

Shops:
D:7 (   D:8 !

Annotations:
D:4 1 runed translucent door, nroviw's ghost, amateur DsNe
D:9 1 runed translucent door
D:10 Snorg


Innate Abilities, Weirdness & Mutations

You have very sharp teeth.
Your uncanny sense of smell can sniff out nearby items.
Your experience applies equally to all skills.


Message History

Press: ? - help, Shift-Dir - straight line, f/p - Snorg
Aim: Snorg (lightly wounded, berserk, chance to affect: 54%) Snorg's mind is blasted!!
Snorg misses you. Snorg closely misses you. Snorg completely misses you.
Aiming: Mindburst
Press: ? - help, Shift-Dir - straight line, f/p - Snorg
Aim: Snorg (moderately wounded, berserk, chance to affect: 54%) Snorg's mind is blasted!!
You block Snorg's attack. Snorg claws you. You block Snorg's attack.
Snorg misses you. Snorg claws you! Snorg claws you.
Cleave: e) +10 hand axe "Siliemm" {venom, Fly rC- rN+ Dex+4}
Press: ? - help, Dir - move target, f/p - Snorg
Aim: Snorg (heavily wounded, berserk, about 24% to evade the +10 hand axe "Siliemm")
Okay, then.
Aiming: Mindburst
Press: ? - help, Shift-Dir - straight line, f/p - Snorg
Aim: Snorg (heavily wounded, berserk, chance to affect: 54%) Snorg's mind is blasted!!
You block Snorg's attack. x2; Snorg claws you!
* * * LOW HITPOINT WARNING * * *
You hit Snorg.
Snorg is severely wounded.
Snorg misses you. You block Snorg's attack. Snorg completely misses you.
Snorg misses you. Snorg claws you but does no damage. Snorg claws you!
* * * LOW HITPOINT WARNING * * *
You slash Snorg!
Snorg is poisoned.
Snorg is severely wounded.
Snorg bites you but does no damage. Snorg barely misses you.
Snorg closely misses you.
You slash Snorg!
Snorg looks as sick as possible!
Snorg is almost dead.
Snorg bites you but does no damage. Snorg claws you but does no damage.
You block Snorg's attack. Snorg bites you but does no damage.
You block Snorg's attack. Snorg claws you but does no damage.
You hit Snorg.
Snorg looks as sick as possible!
Snorg is almost dead.
You block Snorg's attack. Snorg barely misses you. You block Snorg's attack.
You barely miss Snorg.
Snorg is almost dead.
You block Snorg's attack. Snorg completely misses you.
You block Snorg's attack. Snorg misses you. Snorg claws you!
You die...

#............# #........
#......<.....# #........
#............# #........
#............# #........
#............###.<......
#..............#........
#............#.'........
#######.########........
#@# #####'### ####T#
#.## #....# #..## #'####
##... #..........
######. #[...W.....
#...... #..........
#...... #..........
........ #..T.......
##......


You could see Snorg (berserk, extremely poisoned).

Vanquished Creatures
  Pikel (D:5)
  Joseph (D:8)
  An unseen horror (D:10)
  2 trolls (D:10)
  A ynoxinul (D:10)
  2 fire bats (D:9)
  2 shadows (D:9)
  5 wraiths
  7 yaks
  2 steam dragons
  2 water moccasins
  7 orc warriors
  2 ice beasts
  A sky beast (D:7)
  2 ogres
  2 phantoms
  A centaur (D:7)
  A lemure (D:5)
  3 bullfrogs
  4 scorpions
  3 wights (D:9)
  8 killer bees
  3 howler monkeys
  5 hounds
  7 orc priests
  2 jellies
  A gnoll bouda (D:6)
  Crazy Yiuf (D:5)
  3 iguanas
  A sleepcap (D:7)
  11 orc wizards
  5 gnolls
  8 adders
  An ufetubus (D:4)
  A worm (D:4)
  6 dart slugs
  55 orcs
  16 bats
  3 endoplasms
  6 giant cockroaches
  14 goblins
  9 hobgoblins
  12 jackals
  2 quokkas
  9 ball pythons
  6 frilled lizards
  4 kobolds
  6 rats
257 creatures vanquished.

Vanquished Creatures (others)
  A howler monkey (D:10)
1 creature vanquished.

Grand Total: 258 creatures vanquished

Notes
Turn   | Place    | Note
-------+----------+-------------------------------------------
     0 | D:1      | GimliDwarf the Gnoll Wanderer began the quest for the Orb.
     0 | D:1      | GimliDwarf set off with the following items: a +0 hand axe,
                  | a +0 buckler of protection, a +0 helmet, a potion of heal
                  | wounds, a +0 leather armour.
     0 | D:1      | Reached XP level 1. HP: 17/17 MP: 1/1
    27 | D:1      | Reached XP level 2. HP: 23/23 MP: 2/2
   137 | D:1      | Reached XP level 3. HP: 26/28 MP: 3/3
   160 | D:1      | Found a faded altar of an unknown god.
   285 | D:1      | Reached skill level 1 in Invocations
   353 | D:1      | Reached skill level 1 in Short Blades
   353 | D:1      | Reached skill level 1 in Long Blades
   353 | D:1      | Reached skill level 1 in Maces & Flails
   353 | D:1      | Reached skill level 1 in Polearms
   353 | D:1      | Reached skill level 1 in Staves
   353 | D:1      | Reached skill level 1 in Ranged Weapons
   353 | D:1      | Reached skill level 1 in Throwing
   353 | D:1      | Reached skill level 1 in Unarmed Combat
   353 | D:1      | Reached skill level 1 in Spellcasting
   353 | D:1      | Reached skill level 1 in Evocations
   631 | D:2      | Reached XP level 4. HP: 30/34 MP: 5/5
   948 | D:2      | Found an opulent altar of Gozag.
  1211 | D:3      | Reached skill level 1 in Conjurations
  1211 | D:3      | Reached skill level 1 in Hexes
  1211 | D:3      | Reached skill level 1 in Summonings
  1211 | D:3      | Reached skill level 1 in Necromancy
  1211 | D:3      | Reached skill level 1 in Translocations
  1211 | D:3      | Reached skill level 1 in Transmutations
  1211 | D:3      | Reached skill level 1 in Fire Magic
  1211 | D:3      | Reached skill level 1 in Ice Magic
  1211 | D:3      | Reached skill level 1 in Air Magic
  1211 | D:3      | Reached skill level 1 in Earth Magic
  1211 | D:3      | Reached skill level 1 in Poison Magic
  1388 | D:3      | Found a blossoming altar of Fedhas.
  1396 | D:3      | Found a hide-covered altar of Uskayaw.
  1504 | D:3      | Reached XP level 5. HP: 33/41 MP: 5/7
  1849 | D:3      | Noticed an ogre
  1884 | D:3      | Killed an ogre
  1885 | D:3      | Reached XP level 6. HP: 11/47 MP: 8/8
  2283 | D:4      | Reached skill level 5 in Dodging
  2728 | D:4      | Reached XP level 7. HP: 29/52 MP: 10/10
  2924 | D:4      | Found a runed translucent door.
  2926 | D:4      | Noticed nroviw's ghost (amateur DsNe)
  3206 | D:5      | Entered Level 5 of the Dungeon
  3294 | D:5      | Reached skill level 9 in Shields
  3408 | D:5      | You fall into a shaft and drop 2 floors!
  3555 | D:7      | Reached XP level 8. HP: 60/60 MP: 12/12
  3556 | D:7      | Identified the +7 rapier "Gelot" {elec, Str+2}
  3585 | D:7      | Found a hazy altar of Hepliaklqana.
  3660 | D:7      | Found Paypudut's Antique Weapon Boutique.
  3741 | D:6      | Found a staircase to the Ecumenical Temple.
  3780 | Temple   | Entered the Ecumenical Temple
  4463 | D:5      | Found a radiant altar of Vehumet.
  4576 | D:5      | Noticed Pikel
  4584 | D:5      | Killed Pikel
  4585 | D:5      | Reached XP level 9. HP: 57/67 MP: 13/15
  4774 | D:5      | Found a runed translucent door.
  4775 | D:5      | Noticed Crazy Yiuf
  4911 | D:5      | Killed Crazy Yiuf
  5024 | D:6      | Reached skill level 5 in Fighting
  5024 | D:6      | Reached skill level 5 in Axes
  5024 | D:6      | Reached skill level 5 in Armour
  5172 | D:6      | Reached skill level 5 in Stealth
  5865 | D:7      | Reached skill level 5 in Invocations
  6237 | Temple   | Became a worshipper of Qazlal Stormbringer
  6399 | D:8      | Reached skill level 5 in Short Blades
  6399 | D:8      | Reached skill level 5 in Long Blades
  6399 | D:8      | Reached skill level 5 in Maces & Flails
  6399 | D:8      | Reached skill level 5 in Polearms
  6399 | D:8      | Reached skill level 5 in Staves
  6399 | D:8      | Reached skill level 5 in Ranged Weapons
  6399 | D:8      | Reached skill level 5 in Throwing
  6399 | D:8      | Reached skill level 5 in Unarmed Combat
  6399 | D:8      | Reached skill level 5 in Spellcasting
  6399 | D:8      | Reached skill level 5 in Evocations
  6399 | D:8      | Reached XP level 10. HP: 12/76 MP: 17/17
  6684 | D:8      | Reached skill level 10 in Shields
  6720 | D:8      | Found an iron altar of Okawaru.
  6747 | D:8      | Noticed Joseph
  6755 | D:8      | Killed Joseph
  6884 | D:8      | Found Adear's Distillery.
  7052 | D:8      | Found a basalt altar of Yredelemnul.
  7084 | D:8      | Found a white marble altar of Elyvilon.
  7587 | D:9      | Found a stormy altar of Qazlal.
  7593 | D:9      | Found an ornate altar of the Wu Jian Council.
  7603 | D:9      | Reached * piety under Qazlal
  7993 | D:9      | Found a runed translucent door.
  8002 | D:9      | Found a broken altar of Ashenzari.
  8009 | D:9      | Found a basalt altar of Yredelemnul.
  8017 | D:9      | Noticed a flayed ghost
  8050 | D:9      | Found a shadowy altar of Dithmenos.
  8087 | D:9      | Found an opulent altar of Gozag.
  8136 | D:10     | Entered Level 10 of the Dungeon
  8139 | D:10     | Found a staircase to the Lair.
  8173 | D:10     | Reached skill level 5 in Conjurations
  8173 | D:10     | Reached skill level 5 in Hexes
  8173 | D:10     | Reached skill level 5 in Summonings
  8173 | D:10     | Reached skill level 5 in Necromancy
  8173 | D:10     | Reached skill level 5 in Translocations
  8173 | D:10     | Reached skill level 5 in Transmutations
  8173 | D:10     | Reached skill level 5 in Fire Magic
  8173 | D:10     | Reached skill level 5 in Ice Magic
  8173 | D:10     | Reached skill level 5 in Air Magic
  8173 | D:10     | Reached skill level 5 in Earth Magic
  8173 | D:10     | Reached skill level 5 in Poison Magic
  8176 | D:10     | HP: 2/77 [something (5)]
  8177 | D:10     | Killed an unseen horror
  8178 | D:10     | Reached XP level 11. HP: 2/83 MP: 20/20
  8815 | D:10     | Identified the +10 hand axe "Siliemm" {venom, Fly rC- rN+
                  | Dex+4}
  8834 | D:10     | Reached ** piety under Qazlal
  8900 | D:10     | Found a bloodstained altar of Trog.
  8964 | D:10     | Found a shimmering blue altar of Sif Muna.
  8968 | D:10     | Got Sif Muna's Handbook of the Metamorphic Snake
  9062 | D:10     | Noticed Snorg
  9089 | D:10     | Slain by Snorg

Illustrated notes

Levels and vault maps discovered:
D:1:      evilmike_arrival_crescent, layout_rooms,
          hellmonk_ecumenical_altar_arch_garden
D:2:      layout_basic, basic_altar, skrybe_limestone_x
D:3:      layout_loops_ring, mainiacjoe_overflow_big_doors, minmay_ogre_servants
D:4:      layout_layer_cave, ebering_ghost_reflecting_pool
D:5:      layout_loops_ring, overflow_temple_1_default, minivault_11,
          columned_hall_lemuel, hex_tiny, uniq_pikel, uniq_crazy_yiuf_cottage
D:6:      layout_loops_ring, minmay_temple_entry_drinking_statues
D:7:      layout_basic, mainiacjoe_overflow_24_doors, serial_shops, shop,
          minmay_diced_spiral
D:8:      nicolae_cairo_tiling_large, layout_rooms, kennysheep_mini_moat,
          general_overflow_altar, okawaru_trees_1, serial_shops, shop,
          uniq_joseph
D:9:      due_megacathedral, layout_basic
D:10:     layout_roguey [special_room_orc],
          nzn_overflow_gifts_of_might_and_magic, lair_entry_dummy, uniq_snorg
Temple:   hellmonk_temple_forest_ring

Skill      XL: |  1  2  3  4  5  6  7  8  9 10 |
---------------+-------------------------------+-----
Invocations    | 1 2 3 4 5 6 |  6.9
Short Blades   | 1 2 3 4 5 6 |  6.3
Long Blades    | 1 2 3 4 5 6 |  6.3
Maces & Flails | 1 2 3 4 5 6 |  6.3
Polearms       | 1 2 3 4 5 6 |  6.3
Staves         | 1 2 3 4 5 6 |  6.3
Ranged Weapons | 1 2 3 4 5 6 |  6.3
Throwing       | 1 2 3 4 5 6 |  6.3
Unarmed Combat | 1 2 3 4 5 6 |  6.3
Spellcasting   | 1 2 3 4 5 6 |  6.3
Evocations     | 1 2 3 4 5 6 |  6.3
Conjurations   | 1 2 3 4 5 |  5.2
Hexes          | 1 2 3 4 5 |  5.2
Summonings     | 1 2 3 4 5 |  5.2
Necromancy     | 1 2 3 4 5 |  5.2
Translocations | 1 2 3 4 5 |  5.2
Transmutations | 1 2 3 4 5 |  5.2
Fire Magic     | 1 2 3 4 5 |  5.2
Ice Magic      | 1 2 3 4 5 |  5.2
Air Magic      | 1 2 3 4 5 |  5.2
Earth Magic    | 1 2 3 4 5 |  5.2
Poison Magic   | 1 2 3 4 5 |  5.2
Fighting       | 3 4 5 6 |  6.9
Axes           | 3 4 5 6 |  6.9
Armour         | 3 4 5 6 |  6.9
Stealth        | 3 4 5 6 |  6.8
Dodging        | 5 6 7 |  7.9
Shields        | 9 10 | 10.6

Action                     |  1- 3 |  4- 6 |  7- 9 | 10-12 || total
---------------------------+-------+-------+-------+-------++-------
  Melee: Hand axe          |    31 |       |       |    47 ||    78
         Whip              |    73 |   196 |    55 |       ||   324
         Bite              |     6 |    28 |    18 |    26 ||    78
         Rapier            |       |       |   196 |   263 ||   459
  Evoke: Wand              |       |       |     3 |    13 ||    16
    Use: Scroll            |       |    15 |     7 |     4 ||    26
   Stab: Sleeping          |     4 |     5 |     8 |     1 ||    18
 Armour: Leather armour    |    30 |    50 |    55 |    56 ||   191
         Troll leather arm |       |       |       |    18 ||    18
  Dodge: Dodged            |    61 |   120 |   127 |   183 ||   491
  Block: Buckler           |    29 |    65 |   128 |   194 ||   416
